 Dungeon Crawl Stone Soup version 0.32-a0-135-g14f8b2e1af (webtiles) character file.

Game seed: 10630683268595581889

1509 senseless the Trooper (level 8, -3/62 (71) HPs)
             Began as a Minotaur Fighter on Feb 10, 2024.
             Was a Believer of Nemelex Xobeh.
             Slain by a wight
             ... wielding a +0 long sword
              (11 damage)
             ... on level 6 of the Dungeon.
             The game lasted 00:09:54 (4263 turns).

senseless the Trooper (Minotaur Fighter)            Turns: 4263, Time: 00:09:55

HP:   -3/62 (71)    AC: 10    Str: 29    XL:     8   Next: 53%
MP:   10/10         EV:  9    Int:  5    God:    Nemelex Xobeh [**....]
Gold: 177           SH:  5    Dex: 10    Spells: 7/7 levels left

rFire   . . .        a - +3 mace (freeze)
rCold   . . .        c - +0 buckler
rNeg    . . .        g - +0 chain mail
rPois   .            p - +0 hat
rElec   .            (no cloak)
rCorr   .            (no gloves)
SInv    .            (no boots)
Will    .....        (no amulet) Stlth
                     r - ring of wizardry
HPRegen 0.30/turn    e - +6 ring of strength
MPRegen 0.12/turn

%: wizardry (x1)
@: heavily drained
A: horns 2, retaliatory headbutt
a: Renounce Religion, Draw Escape, Draw Destruction, Draw Summoning


You were on level 6 of the Dungeon.
You worshipped Nemelex Xobeh.
Nemelex Xobeh was pleased with you.
You visited 1 branch of the dungeon, and saw 6 of its levels.

You collected 177 gold pieces.

Inventory:

Hand Weapons
 a - a +3 mace of freezing (weapon)
 b - a +3 sling
 f - a +0 war axe
Armour
 c - a +0 buckler (worn)
 g - a +0 chain mail (worn)
 l - a +0 scale mail
 p - a +0 hat (worn)
Jewellery
 e - a +6 ring of strength (right hand)
 h - a ring of ice
 r - a ring of wizardry (left hand)
Wands
 m - a wand of polymorph (3)
Scrolls
 i - 4 scrolls of teleportation
 n - a scroll of poison
 o - a scroll of immolation {unknown}
Potions
 d - a potion of might
 j - 2 potions of curing
 k - a potion of enlightenment
 q - 2 potions of invisibility
 s - a potion of magic
 t - a potion of heal wounds


   Skills:
 + Level 6.7 Fighting
 + Level 6.1 Axes
 + Level 6.6 Armour
 + Level 6.6 Shields
 * Level 4.9 Invocations


You had 7 spell levels left.
You didn't know any spells.
Your spell library contained the following spells:

 Spells                   Type           Power      Damage    Failure   Level
 Kiss of Death            Conj/Necr      0%         2d5       65%         1
 Slow                     Hex            0%         N/A       65%         1
 Cigotuvi's Dreadful Rot  Necr/Alch/Air  0%         N/A       77%         2
 Confusing Touch          Hex            0%         N/A       93%         3
 Sigil of Binding         Hex            0%         N/A       93%         3
 Vampiric Draining        Necr           0%         2d6       93%         3
 Dispel Undead            Necr           0%         3d6       100%        4
 Martyr's Knell           Necr/Summ      0%         N/A       100%        4
 Death Channel            Necr           0%         N/A       100%        6


Dungeon Overview and Level Annotations

Branches:
Dungeon (6/15)
 Temple: D:4-7

Altars:
Elyvilon
Fedhas
Gozag
Hepliaklqana
Kikubaaqudgha
Nemelex Xobeh
Okawaru
Qazlal
Uskayaw
Xom
Yredelemnul


Innate Abilities, Weirdness & Mutations

You have a pair of horns on your head.
You reflexively headbutt those who attack you in melee.


Message History

You are too injured to fight recklessly!
You are too injured to fight recklessly!
You are too injured to fight recklessly!
You draw a card...
You have drawn the Orb.
Press: ? - help, Shift-Dir - straight line, f - wight
Aim: a wight, wielding a +0 long sword and wearing a +0 robe (dazed)
Your orb of destruction hits a stone wall.
The wavering orb of destruction weakly hits the wight!
The wight is severely damaged.
The wight is lost in a daze.
The wight hits you but does no damage.
The wight is lost in a daze.
The wight hits you with a +2 spear. The wight barely misses you.
You draw a card...
You have drawn the Tomb.
Walls emerge from the floor!
You block the wight's attack. The wight closely misses you.
The wight hits you with a +3 battleaxe.
You feel drained.
* * * LOW HITPOINT WARNING * * *
You block the wight's attack. The wight hits you but does no damage.
You barely miss the wight.
You headbutt the wight, but do no damage.
The wight is severely damaged.
The wight is no longer dazed. x5; The wight barely misses you.
The wight closely misses you. The wight hits you with a +3 battleaxe.
* * * LOW HITPOINT WARNING * * *
The wight hits you with a +2 spear.
* * * LOW HITPOINT WARNING * * *
You feel drained. You block the wight's attack.
You draw a card...
You have drawn Vitriol.
Press: ? - help, Shift-Dir - straight line, f - wight, p - wight
Aim: a wight, wielding a +3 battleaxe and wearing a +0 robe (severely damaged)
The glob of acid hits the wight!!!
The acid corrodes the wight!
You destroy the wight!
The wight hits you from afar with a +0 trident.
* * * LOW HITPOINT WARNING * * *
You block the wight's attack. The wight closely misses you.
You draw a card...
You have drawn the Cloud.
Clouds appear around your foes!
The wight hits you with a +0 long sword!
You die...
Your body disappears without a glow.

. .####### #......#
+......# ## #......# ...
.....############# ....
.....#.........§§# .....
.....#.⌠._._._*#z#§§....
...............#@§z§....
.......ß._._._.ßzz§§....
...............§§§§.....
...###.⌠._._._.⌠.#......
...# #...........#......
#### #############......
#####


You could see 4 wights.

Vanquished Creatures
  Grinder (D:5)
  A water moccasin (D:5)
  2 ogres
  A centaur (D:5)
  A phantom (D:6)
  A gnoll sergeant (D:5)
  A bullfrog (D:6)
  2 scorpions (D:5)
  A wight (D:6)
  An electric eel (D:6)
  A bombardier beetle (D:4)
  3 hounds (D:5)
  A jelly (D:5)
  2 gnoll boudas (D:5)
  A sleepcap (D:5)
  2 iguanas
  7 adders
  6 gnolls (D:5)
  2 white imps
  3 ribbon worms
  4 dart slugs
  14 orcs
  8 ball pythons
  4 bats
  4 endoplasms
  3 giant cockroaches
  2 goblins
  7 hobgoblins
  8 jackals
  3 kobolds
  A quokka (D:2)
  3 frilled lizards
  4 rats
105 creatures vanquished.

Notes
Turn   | Place    | Note
-------+----------+-------------------------------------------
     0 | D:1      | senseless the Minotaur Fighter began the quest for the Orb.
     0 | D:1      | Reached XP level 1. HP: 19/19 MP: 0/0
   171 | D:1      | You fall into a shaft and drop 1 floor!
   227 | D:2      | Reached XP level 2. HP: 27/27 MP: 1/1
   268 | D:2      | Reached XP level 3. HP: 28/33 MP: 2/2
  1325 | D:3      | Found a sparkling altar of Nemelex Xobeh.
  1405 | D:3      | Noticed a +0 short sword
  1405 | D:3      | Noticed a +0 falchion
  1406 | D:3      | Noticed a +0 falchion
  1406 | D:3      | Noticed a +0 dagger
  1406 | D:3      | Noticed a +0 short sword
  1421 | D:3      | Reached XP level 4. HP: 41/41 MP: 3/3
  1430 | D:3      | Noticed a +0 spear
  1431 | D:3      | Noticed a +0 dagger
  1431 | D:3      | Noticed a +0 spear
  1887 | D:3      | Found a hide-covered altar of Uskayaw.
  2017 | D:3      | Became a worshipper of Nemelex Xobeh the Trickster
  2119 | D:4      | Noticed an ogre
  2130 | D:4      | Killed an ogre
  2131 | D:4      | Reached XP level 5. HP: 40/47 MP: 4/4
  2175 | D:4      | Reached skill level 5 in Fighting
  2175 | D:4      | Reached skill level 5 in Armour
  2175 | D:4      | Reached skill level 5 in Shields
  2445 | D:4      | Reached * piety under Nemelex Xobeh
  2750 | D:5      | Entered Level 5 of the Dungeon
  2756 | D:5      | Received a gift from Nemelex Xobeh
  2756 | D:5      | Noticed a water moccasin
  2763 | D:5      | Killed a water moccasin
  2764 | D:5      | Reached skill level 1 in Invocations
  2764 | D:5      | Reached XP level 6. HP: 49/56 MP: 5/5
  2839 | D:5      | Reached XP level 7. HP: 39/61 MP: 7/7
  3051 | D:5      | Reached skill level 5 in Axes
  3605 | D:5      | Reached ** piety under Nemelex Xobeh
  3605 | D:5      | Received a gift from Nemelex Xobeh
  3626 | D:5      | Noticed Grinder
  3635 | D:5      | Paralysed by Grinder for 4 turns
  3636 | D:5      | Reached XP level 8. HP: 69/70 MP: 9/9
  3643 | D:5      | Killed Grinder
  3981 | D:6      | Received a gift from Nemelex Xobeh
  4239 | D:6      | Found a stormy altar of Qazlal.
  4239 | D:6      | Found an opulent altar of Gozag.
  4240 | D:6      | Found a white marble altar of Elyvilon.
  4241 | D:6      | Found an ancient bone altar of Kikubaaqudgha.
  4241 | D:6      | Found a hazy altar of Hepliaklqana.
  4241 | D:6      | Found a basalt altar of Yredelemnul.
  4243 | D:6      | Found a shimmering altar of Xom.
  4243 | D:6      | Found an iron altar of Okawaru.
  4243 | D:6      | Found a blossoming altar of Fedhas.
  4263 | D:6      | Slain by a wight

Illustrated notes

Levels and vault maps discovered:
D:1:      sevenhm_arrival_forest_fort_small_5, layout_basic
D:2:      layout_rooms, interstate_on_off
D:3:      wad_lake_hut, layout_loops_ring, nicolae_uskayaw_en_pointe,
          lemuel_doored_altar
D:4:      layout_basic
D:5:      layout_cave_pools, serial_gnoll_camp, gnoll_camp_mini_basic,
          gnoll_camp_mini_basic, gnoll_camp_mini_loothouse, gnoll_camp_mini_hut,
          chequers_serial_rivers_micro_c, uniq_grinder
D:6:      minmay_diamond_boxcup, layout_basic, nicolae_overflows_in_rows,
          nrook_mini_vaults, serial_bayou_lake_a

Skill      XL: |  1  2  3  4  5  6  7  8 |
---------------+-------------------------+-----
Fighting       | 4 5 6 |  6.7
Armour         | 4 5 6 |  6.6
Shields        | 4 5 6 |  6.6
Axes           | 3 4 5 6 |  6.1
Invocations    | 1 2 3 4 |  4.9

Action                     |  1- 3 |  4- 6 |  7- 9 || total
---------------------------+-------+-------+-------++-------
  Melee: Mace              |    47 |   110 |    85 ||   242
         Headbutt          |    10 |    17 |    16 ||    43
         War axe           |     2 |       |       ||     2
   Fire: Sling             |     6 |     3 |       ||     9
 Invoke: Draw Destruction  |       |       |     8 ||     8
         Draw Escape       |       |       |     2 ||     2
    Use: Scroll            |       |       |    14 ||    14
 Armour: Scale mail        |     4 |       |       ||     4
         Chain mail        |    32 |    86 |   105 ||   223
  Dodge: Dodged            |    16 |    62 |    42 ||   120
  Block: Buckler           |    17 |    27 |    25 ||    69

Table legend: (Time is in decaauts)
 A = Elapsed time spent in this place.
 B = Non-inter-level travel time spent in this place.
 C = Inter-level travel time spent in this place.
 D = Time resting spent in this place.
 E = Time spent auto-exploring this place.
 F = Levels seen in this place.
 G = Mean time per level.
                   A        B        C        D        E       F      G
               +--------+--------+--------+--------+--------+-----+--------+
         Total |   4392 |   4257 |    135 |      0 |   3572 |   6 |  732.0 |
       Dungeon |   4392 |   4257 |    135 |      0 |   3572 |   6 |  732.0 |
               +--------+--------+--------+--------+--------+-----+--------+

Top non-repeatable levels by time:
     D:5: 1169 daAuts
     D:3: 887 daAuts
     D:1: 723 daAuts
     D:4: 717 daAuts
     D:2: 510 daAuts
     D:6: 384 daAuts
